 Dungeon Crawl Stone Soup version 0.16-a0-2363-g19e4ded (webtiles) character file.

14471 Ratboiler the Devastator (level 12, -4/59 HPs)
             Began as a Tengu Air Elementalist on Nov 17, 2014.
             Was an Elder of Vehumet.
             Slain by a five-headed hydra (13 damage)
             ... on level 3 of the Lair of Beasts.
             The game lasted 01:30:48 (17091 turns).

Ratboiler the Devastator (Tengu Air Elementalist)  Turns: 17091, Time: 01:30:48

Health: -4/59      AC:  4    Str:  8    XL:     12   Next: 16%
Magic:  37/38      EV: 24    Int: 20    God:    Vehumet [****..]
Gold:   292        SH:  0    Dex: 16    Spells: 10 memorised, 1 level left

rFire  + . .     SeeInvis .     b - +2 shortbow (evade)
rCold  . . .     Clarity  .     w - +0 robe
rNeg   . . .     SustAb   .     (no shield)
rPois  .         Gourm    .     (helmet restricted)
rElec  .         Spirit   .     A - +1 cloak
rCorr  .         Warding  .     (no gloves)
rMut   .         Stasis   .     (boots unavailable)
MR     .....                    h - amulet of regeneration
Stlth  ++........               X - ring of magical power
                                V - ring of protection from fire

@: repel missiles, not resistant to hostile enchantments, unstealthy
A: able to fly, antennae 1, beak, talons 3
a: Fly, Renounce Religion


You were on level 3 of the Lair of Beasts.
You worshipped Vehumet.
Vehumet was greatly pleased with you.
You were very hungry.

You visited 3 branches of the dungeon, and saw 15 of its levels.

You collected 744 gold pieces.
You spent 452 gold pieces at shops.

Inventory:

Hand weapons
 a - a +2 whip of electrocution
 b - a +2 shortbow of evasion (weapon)
Missiles
 d - 5 needles of slowing
 k - 70 arrows
 n - 34 poisoned needles
 Q - an arrow of frost (quivered)
Armour
 w - a +0 robe (worn)
 A - a +1 cloak (worn)
Jewellery
 h - an amulet of regeneration (around neck)
 s - an uncursed ring of teleportation
 P - an uncursed ring of positive energy
 V - a ring of protection from fire (left hand)
 X - a ring of magical power (right hand)
 Y - an uncursed ring of protection from cold
Magical devices
 e - a wand of disintegration (8)
 l - a wand of paralysis (14)
 p - a wand of disintegration (22)
 u - a wand of invisibility (2)
 v - a wand of teleportation (1)
 I - a wand of teleportation (8)
 M - a wand of frost (18)
Scrolls
 i - 6 scrolls of teleportation
 j - a scroll of identify
 o - 6 scrolls of recharging
 t - a scroll of vulnerability
 x - a scroll of immolation
 y - a scroll of blinking
 C - 2 scrolls of fog
 D - 2 scrolls of amnesia
 H - 2 scrolls of enchant weapon
 L - 2 scrolls of remove curse
 N - a scroll of magic mapping
 U - a scroll of fear
Potions
 f - a potion of heal wounds
 g - a potion of flight
 m - 3 potions of restore abilities
 q - a potion of magic
 r - 7 potions of might
 B - 6 potions of curing
 G - 3 potions of resistance
 K - a potion of cure mutation
 T - a potion of agility
Books
 z - a book of the Sky

   Spells                             Type                      Level
   Flight                             Charms/Air                   3
   Airstrike                          Air                          4
   Silence                            Hexes/Air                    5
   Deflect Missiles                   Charms/Air                   6
   Conjure Ball Lightning             Conjuration/Air              6
   Tornado                            Air                          9
 E - a book of Envenomations

   Spells                             Type                      Level
   Spider Form                        Transmutation/Poison         3
   Alistair's Intoxication            Transmutation/Poison         4
   Olgreb's Toxic Radiance            Poison                       4
   Poisonous Cloud                    Conjuration/Poison/Air       6
 F - a book of Debilitation

   Spells                             Type                      Level
   Corona                             Hexes                        1
   Slow                               Hexes                        2
   *Inner Flame                       Hexes/Fire                   3
   Enslavement                        Hexes                        4
   Cause Fear                         Hexes                        4
   Leda's Liquefaction                Hexes/Earth                  4
 O - a book of Power

   Spells                             Type                      Level
   Fulminant Prism                    Conjuration/Hexes            4
   *Iskenderun's Mystic Blast         Conjuration                  4
   Venom Bolt                         Conjuration/Poison           5
   Bolt of Magma                      Conjuration/Fire/Earth       5
   Iron Shot                          Conjuration/Earth            6
   Orb of Destruction                 Conjuration                  7
 R - a Grand Grimoire {highlevel, unknown}

   This book is beyond your current level of understanding.

   Spells                             Type                      Level
   Aura of Abjuration                 Summoning                    6
   Forceful Dismissal                 Summoning                    6
   Summon Greater Demon               Summoning                    7
   Malign Gateway                     Summoning/Translocation      7
   Summon Horrible Things             Summoning                    8
 S - a book of Spatial Translocations

   Spells                             Type                      Level
   *Apportation                       Translocation                1
   *Blink                             Translocation                2
   Shroud of Golubria                 Charms/Translocation         2
   Portal Projectile                  Translocation                3
   Teleport Other                     Translocation                3
   Passage of Golubria                Translocation                4
 W - a book of Air

   Spells                             Type                      Level
   *Shock                             Conjuration/Air              1
   *Swiftness                         Charms/Air                   2
   *Repel Missiles                    Charms/Air                   2
   Flight                             Charms/Air                   3
   Static Discharge                   Conjuration/Air              3
   *Lightning Bolt                    Conjuration/Air              5
Comestibles
 c - 5 bread rations
 J - 2 meat rations
 Z - 6 royal jellies


   Skills:
 - Level 10.1 Dodging
 - Level 2.0 Stealth
 - Level 8.1 Spellcasting
 + Level 15.1 Conjurations
 - Level 3.1 Fire Magic
 - Level 8.3 Air Magic
 - Level 6.2 Evocations


You had one spell level left.
You knew the following spells:

 Your Spells              Type           Power        Failure   Level  Hunger
a - Shock                 Conj/Air       ####         1%          1    None
b - Repel Missiles        Chrm/Air       ###...       2%          2    None
c - Swiftness             Chrm/Air       ###.....     2%          2    None
d - Iskenderun's Mystic   Conj           ######..     1%          4    ###....
e - Blink                 Tloc           N/A          14%         2    None
f - Lightning Bolt        Conj/Air       ######....   1%          5    #####..
g - Apportation           Tloc           #.........   10%         1    None
h - Inner Flame           Hex/Fire       ##......     4%          3    None
i - Conjure Flame         Conj/Fire      #####...     1%          3    None
j - Mephitic Cloud        Conj/Pois/Air  #####...     1%          3    None


Dungeon Overview and Level Annotations

Branches:
Dungeon (11/15)            Temple (1/1) D:7            Lair (3/8) D:8
 Spider (0/5) Lair:3
  Swamp: Lair:3-6    Shoals: Lair:3-6       Orc: D:9-12

Altars:
Ashenzari
Cheibriados
Dithmenos
Elyvilon
Fedhas
Gozag
Kikubaaqudgha
Makhleb
Nemelex Xobeh
Okawaru
Qazlal
Ru
Sif Muna
Trog
Vehumet
Xom
Yredelemnul
Zin
The Shining One
Jiyva

Shops:
D:5 !   D:6 *   D:7 [   D:10 *

Annotations:
D:2 Jessica
Lair:1 Gastronok


Innate Abilities, Weirdness & Mutations

You can fly.
You have a beak for a mouth.
You have claws for feet.
You have a pair of small antennae on your head.


Message History

You hear a mighty clap of thunder!
The bolt of lightning hits the quokka.
The quokka explodes!
The fiery explosion engulfs you! You resist.
The fiery explosion engulfs the five-headed hydra.
The five-headed hydra is moderately wounded.
Vehumet accepts your kill.
You feel your power returning.
The bolt of lightning hits the five-headed hydra.
The five-headed hydra is moderately wounded.
You are feeling very hungry.
You are engulfed in roaring flames.
You resist.
You float gracefully downwards.
The five-headed hydra is engulfed in roaring flames.
The five-headed hydra is engulfed in roaring flames.
Read which item? (? for menu, Esc to quit)
Okay, then.
The five-headed hydra bites you! x2
* * * LOW HITPOINT WARNING * * *
The five-headed hydra bites you!
You die...

▒· ········ ·· ▒······▒▒▒ ·[
▒▒··P···P▒▒▒ ··▒▒···P%···▒P▒
▒▒▒ ··············▒ ▒▒▒▒▒ ▒·▒▒▒
···%·▒········▒▒▒▒▒P▒·▒▒▒▒▒▒··▒
················▒▒··(··▒······▒
···/···<······?·▒·······>·····▒
·······<·······D@▒············▒
······························▒
···················>········)·▒
······························▒
···%········>··········▒······▒
·····▒···········P▒▒▒▒·▒▒▒·▒P▒▒
···P··········▒▒▒▒▒ ▒▒▒ ▒▒▒▒▒
···PP········▒▒ ·▒··▒·······▒▒


You could see a five-headed hydra.

Vanquished Creatures
  2 hill giants (D:10)
  Pikel (D:7)
  An orb spider (Lair:3)
  A gargoyle (D:10)
  3 spiny frogs
  A queen ant (Lair:2)
  2 fire drakes
  A wandering mushroom (D:8)
  A two-headed ogre (D:10)
  8 yaks (Lair:2)
  A wraith (D:10)
  A steam dragon (D:9)
  2 hippogriffs
  6 wolves (Lair:2)
  18 soldier ants
  6 water moccasins
  5 ogres
  An eye of draining (D:10)
  5 porcupines
  2 sky beasts
  A boring beetle (D:10)
  2 centaurs
  An ice beast (D:5)
  5 crocodiles
  8 giant frogs
  5 big kobolds
  A wyvern skeleton (D:9)
  2 scorpions
  5 killer bees (D:7)
  2 vampire bats (D:7)
  2 crimson imps
  A giant frog zombie (D:9)
  3 goliath beetles
  A yellow wasp zombie (D:10)
  A quasit (D:10)
  3 orc priests
  2 giant frog skeletons (D:10)
  3 hounds
  5 iguanas
  10 orc wizards
  38 worker ants
  A killer bee zombie (D:9)
  Ijyb (D:2)
  Terence (D:2)
  A hound skeleton (D:7)
  11 adders
  6 gnolls
  3 giant mites
  4 shadow imps
  A worm (D:3)
  An adder skeleton (D:9)
  An adder zombie (D:8)
  2 giant geckos
  27 orcs
  A ball python (D:2)
  6 bat zombies (D:7)
  4 giant cockroaches
  2 gnoll zombies (D:3)
  12 hobgoblins
  6 jackals (D:7)
  26 kobolds
  16 bats
  3 giant newts
  10 goblins
  A jackal skeleton (D:6)
  A kobold zombie (D:9)
  14 quokkas
  8 rats
  2 fungi (D:8)
341 creatures vanquished.

Vanquished Creatures (others)
  A slave (D:7)
  A jelly (D:7)
  2 gnolls (D:7)
  A fungus (Lair:2)
5 creatures vanquished.

Grand Total: 346 creatures vanquished

Notes
Turn   | Place    | Note
--------------------------------------------------------------
     0 | D:1      | Ratboiler, the Tengu Air Elementalist, began the quest for the Orb.
     0 | D:1      | Reached XP level 1. HP: 10/10 MP: 3/3
   503 | D:1      | Reached XP level 2. HP: 15/15 MP: 1/5
   537 | D:1      | Learned a level 2 spell: Repel Missiles
   540 | D:1      | Learned a level 2 spell: Swiftness
  1190 | D:2      | Found a blossoming altar of Fedhas.
  1248 | D:2      | Noticed Terence
  1333 | D:2      | Reached XP level 3. HP: 19/19 MP: 0/7
  1505 | D:2      | Found an opulent altar of Gozag.
  1505 | D:2      | Found a sparkling altar of Nemelex Xobeh.
  1598 | D:2      | Noticed Jessica
  1649 | D:2      | Noticed Ijyb
  1659 | D:2      | Killed Ijyb
  1659 | D:2      | Reached skill level 5 in Air Magic
  1659 | D:2      | Reached XP level 4. HP: 24/24 MP: 0/8
  2031 | D:2      | Found a burning altar of Makhleb.
  2178 | D:2      | Killed Terence
  2670 | D:3      | Reached XP level 5. HP: 28/28 MP: 2/11
  2968 | D:3      | Reached skill level 6 in Air Magic
  3075 | D:3      | Reached skill level 5 in Conjurations
  3315 | D:3      | Found a basalt altar of Yredelemnul.
  3492 | D:3      | Reached XP level 6. HP: 22/32 MP: 2/12
  3908 | D:4      | Reached skill level 7 in Air Magic
  4188 | D:4      | Found a white marble altar of Elyvilon.
  4454 | D:4      | Reached XP level 7. HP: 36/36 MP: 4/14
  4538 | D:4      | Found a deep blue altar of Sif Muna.
  4616 | D:4      | Found a shadowy altar of Dithmenos.
  4640 | D:4      | Reached skill level 8 in Air Magic
  4723 | D:4      | Found a sacrificial altar of Ru.
  4848 | D:4      | Identified Sif Muna's Almanac of Combat Magic
  4932 | D:5      | Entered Level 5 of the Dungeon
  4976 | D:5      | Found Kleol's Distillery.
  5013 | D:5      | Bought a potion of mutation for 37 gold pieces
  5013 | D:5      | Bought a potion of agility for 60 gold pieces
  5013 | D:5      | Bought a potion of heal wounds for 75 gold pieces
  5286 | D:5      | Reached XP level 8. HP: 39/41 MP: 12/17
  5556 | D:5      | Learned a level 4 spell: Iskenderun's Mystic Blast
  5574 | D:6      | Found Brasm's General Store.
  5781 | D:6      | Reached skill level 9 in Conjurations
  5858 | D:6      | Found an iron altar of Okawaru.
  6073 | D:6      | Learned a level 2 spell: Blink
  6585 | D:7      | Found Hywugi's Armour Boutique.
  6709 | D:7      | Reached skill level 5 in Spellcasting
  6709 | D:7      | Reached skill level 10 in Conjurations
  6716 | D:7      | Learned a level 5 spell: Lightning Bolt
  6760 | D:7      | Noticed Pikel
  6764 | D:7      | Killed Pikel
  6764 | D:7      | Reached XP level 9. HP: 36/45 MP: 1/23
  6892 | D:7      | Reached skill level 11 in Conjurations
  7329 | D:7      | Found a staircase to the Ecumenical Temple.
  7337 | Temple   | Entered the Ecumenical Temple
  7437 | Temple   | Became a worshipper of Vehumet
  7810 | D:7      | Found an ancient bone altar of Kikubaaqudgha.
  7969 | D:8      | Acquired Vehumet's first power
  7969 | D:8      | Offered knowledge of Sandblast by Vehumet.
  7973 | D:8      | Learned a level 1 spell: Apportation
  8056 | D:6      | Bought an uncursed ring of magical power for 280 gold pieces
  8306 | D:8      | Noticed a wandering mushroom
  8307 | D:8      | Found a staircase to the Lair.
  8314 | D:8      | Killed a wandering mushroom
  9607 | D:9      | Found a glowing silver altar of Zin.
  9874 | D:9      | Reached XP level 10. HP: 50/50 MP: 26/26
  9900 | D:9      | Reached skill level 5 in Dodging
  9900 | D:9      | Reached skill level 12 in Conjurations
 10017 | D:10     | Entered Level 10 of the Dungeon
 10053 | D:10     | Noticed a hill giant
 10057 | D:10     | Offered knowledge of Throw Frost by Vehumet.
 10085 | D:10     | Killed a hill giant
 10237 | D:10     | Noticed a hill giant
 10720 | D:10     | Found Fayqoll's Assorted Antiques.
 11062 | D:10     | Learned a level 3 spell: Inner Flame
 11399 | D:9      | Reached skill level 1 in Fire Magic
 11945 | D:10     | Killed a hill giant
 11945 | D:10     | Offered knowledge of Conjure Flame by Vehumet.
 11945 | D:10     | Reached skill level 13 in Conjurations
 11958 | D:10     | Learned a level 3 spell: Conjure Flame
 12522 | Lair:1   | Entered Level 1 of the Lair of Beasts
 12686 | Lair:1   | Reached XP level 11. HP: 47/54 MP: 25/27
 12690 | Lair:1   | Noticed Gastronok
 12758 | Lair:2   | Got a polished short sword
 12761 | Lair:2   | Identified the cursed -2 short sword "Procla" {pierce, +Blink} (You found it on level 2 of the Lair of Beasts)
 12880 | Lair:2   | Gained mutation: You have a pair of small antennae on your head. [potion of beneficial mutation]
 12913 | Lair:2   | Reached skill level 1 in Evocations
 12997 | Lair:2   | Acquired Vehumet's second power
 13693 | Lair:2   | Offered knowledge of Mephitic Cloud by Vehumet.
 13693 | Lair:2   | Reached skill level 10 in Dodging
 14697 | Lair:2   | Acquired Vehumet's third power
 14751 | Lair:2   | Learned a level 3 spell: Mephitic Cloud
 14775 | Lair:2   | Offered knowledge of Stone Arrow by Vehumet.
 14775 | Lair:2   | Reached skill level 5 in Evocations
 15741 | Lair:2   | Reached skill level 14 in Conjurations
 16140 | Lair:1   | Reached XP level 12. HP: 59/59 MP: 29/29
 16967 | Lair:3   | Found a hole to the Spider Nest.
 16975 | Lair:3   | Reached skill level 15 in Conjurations
 17007 | Lair:3   | Noticed a five-headed hydra
 17091 | Lair:3   | Slain by a five-headed hydra

Action                   |  1- 3 |  4- 6 |  7- 9 | 10-12 || total
-------------------------+-------+-------+-------+-------++-------
Melee: Unarmed           |     7 |     2 |       |       ||     9
       Dagger            |    24 |    17 |       |       ||    41
       Whip              |       |    30 |    17 |    12 ||    59
       Shortbow          |       |       |     1 |     1 ||     2
 Fire: Shortbow          |       |       |    17 |     7 ||    24
 Cast: Shock             |    46 |   120 |   174 |    43 ||   383
       Repel Missiles    |     1 |       |       |     1 ||     2
       Swiftness         |     1 |       |       |       ||     1
       Iskenderun's Myst |       |       |    52 |   195 ||   247
       Lightning Bolt    |       |       |    18 |    91 ||   109
       Inner Flame       |       |       |       |    12 ||    12
       Mephitic Cloud    |       |       |       |     6 ||     6
       Conjure Flame     |       |       |       |     5 ||     5
 Abil: Fly               |       |     9 |     6 |    19 ||    34
  Use: Scroll            |     5 |     6 |     8 |    10 ||    29
       Potion            |       |       |     2 |     4 ||     6
 Stab: Sleeping          |     1 |       |       |       ||     1
       Confused          |       |       |       |     1 ||     1
  Eat: Meat ration       |     1 |       |     4 |     3 ||     8
       Chunk             |       |    10 |    12 |    32 ||    54
       Pizza             |       |       |     1 |     2 ||     3
       Fruit             |       |       |       |     3 ||     3
       Royal jelly       |       |       |       |     3 ||     3
       Beef jerky        |       |       |       |     4 ||     4
       Bread ration      |       |       |       |     1 ||     1
